 Dungeon Crawl Stone Soup version 0.23-a0-690-g0a1fc62c7c (webtiles) character file.

691 LLavrengius the Sneak (level 7, -4/46 HPs)
             Began as an Octopode Fighter on Jan 11, 2019.
             Slain by a sky beast (5 damage)
             ... on level 6 of the Dungeon.
             The game lasted 00:08:57 (4228 turns).

LLavrengius the Sneak (Octopode Fighter)            Turns: 4228, Time: 00:09:00

Health: -4/46      AC:  1    Str: 15    XL:     7   Next: 63%
Magic:  9/9        EV: 11    Int: 12    God:
Gold:   183        SH:  8    Dex: 12    Spells: 6/6 levels left

rFire    . . .     SeeInvis .   a - +0 rapier
rCold    . . .     Gourm    .   b - +0 shield
rNeg     . . .     Faith    .   (helmet restricted)
rPois    .         Spirit   .   s - amulet of rage
rElec    .         Reflect  .   (no ring)
rCorr    .         Harm     .   (no ring)
MR       .....                  (no ring)
Stlth    ++++......             (no ring)
HPRegen  0.15/turn              (no ring)
MPRegen  0.11/turn              (no ring)
                                (no ring)
                                (no ring)

@: no status effects
A: almost no armour, stealthy swim, amphibious, 8 rings, constrict 8, camouflage
1, gelatinous body 1
a: Evoke Berserk Rage


You were on level 6 of the Dungeon.
You were not hungry.

You visited 1 branch of the dungeon, and saw 6 of its levels.

You collected 183 gold pieces.

Inventory:

Hand Weapons
 a - a +0 rapier (weapon)
 l - a +1 dagger of flaming
 u - a +0 long sword
Armour
 b - a +0 shield (worn)
Jewellery
 s - an amulet of rage (around mantle)
Scrolls
 f - 2 scrolls of amnesia
 h - a scroll of remove curse
 o - 2 scrolls of enchant weapon {unknown}
 q - 3 scrolls of teleportation {unknown}
 r - 2 scrolls of enchant armour
 v - a scroll of blinking {unknown}
 x - a scroll of fear {unknown}
 y - 2 scrolls of immolation {unknown}
 A - a scroll of noise {unknown}
 B - a scroll of magic mapping
Potions
 c - 3 potions of might
 e - a potion of brilliance
 i - 2 potions of mutation
 j - 2 potions of cancellation
 k - a potion of berserk rage
 m - a potion of lignification
 n - a potion of curing {unknown}
 p - a potion of flight {unknown}
 w - 3 potions of heal wounds
 z - a potion of agility {unknown}
Comestibles
 d - 8 rations


   Skills:
 - Level 3.0 Fighting
 + Level 5.5 Short Blades
 - Level 3.0 Dodging
 + Level 7.4 Stealth
 - Level 3.0 Shields
 + Level 3.1 Evocations


You had 6 spell levels left.
You didn't know any spells.
Your spell library was empty.

Dungeon Overview and Level Annotations

Branches:
Dungeon (6/15)
 Temple: D:4-7

Altars:
Ashenzari
Dithmenos
Fedhas

Shops:
D:4 }

Annotations:
D:4 3 runed doors, Fandomethor's ghost, amateur VSFi


Innate Abilities, Weirdness & Mutations

You cannot wear most types of armour.
You are very stealthy in the water. (Stealth+)
You are amphibious.
You can wear up to eight rings at the same time.
You can use your tentacles to constrict eight enemies at once.
Your skin changes colour to match your surroundings (Stealth+).
Your rubbery body absorbs attacks. (AC +1, EV +1)


Message History

The sky beast barely misses you.
You hit the sky beast but do no damage. You squeeze the sky beast.
The sky beast is lightly wounded.
The sky beast flickers out of sight!
Deactivating autopickup; reactivate with Ctrl-A.
Something completely misses you.
A sky beast appears from thin air!
Reactivating autopickup.
You hit the sky beast.
You squeeze the sky beast, but do no damage.
The sky beast is moderately wounded.
The sky beast hits you but does no damage.
You closely miss the sky beast.
The sky beast is moderately wounded.
The sky beast flickers out of sight!
Deactivating autopickup; reactivate with Ctrl-A.
Something hits you.
* * * LOW HITPOINT WARNING * * *
Something shocks you.
You die...

#.# #.#
#.# #.#
#.# #.#
#.# #.#
#.# #.#
#.# #≈#
#.# #≈#
##.####.#
#...@{..#
#######.#
#.# ###


There were no monsters in sight!

Vanquished Creatures
  Sigmund (D:2)
  An ogre (D:5)
  A centaur (D:5)
  2 crimson imps (D:5)
  An orc priest (D:4)
  A hound (D:5)
  An orc wizard (D:4)
  A worker ant (D:4)
  8 adders
  An ooze (D:3)
  An adder skeleton (D:4)
  6 worms
  3 dart slugs
  3 leopard geckos
  10 orcs
  5 giant cockroaches
  3 goblins
  11 hobgoblins
  8 jackals
  A quokka (D:2)
  8 bats
  8 frilled lizards
  4 kobolds (D:1)
  11 rats
100 creatures vanquished.

Notes
Turn   | Place    | Note
-------+----------+-------------------------------------------
     0 | D:1      | LLavrengius the Octopode Fighter began the quest for the
                  | Orb.
     0 | D:1      | Reached XP level 1. HP: 16/16 MP: 1/1
    80 | D:1      | Reached skill level 1 in Stealth
   152 | D:1      | Reached XP level 2. HP: 21/21 MP: 2/2
   367 | D:1      | Reached skill level 2 in Stealth
   592 | D:1      | Reached XP level 3. HP: 24/26 MP: 3/3
   924 | D:2      | Reached skill level 3 in Stealth
  1479 | D:2      | Noticed Sigmund
  1482 | D:2      | Reached XP level 4. HP: 31/31 MP: 4/4
  1488 | D:2      | Killed Sigmund
  1488 | D:2      | Reached skill level 5 in Stealth
  1488 | D:2      | Reached XP level 5. HP: 36/36 MP: 5/5
  1615 | D:2      | Found a shadowy altar of Dithmenos.
  1821 | D:3      | Reached XP level 6. HP: 42/42 MP: 6/6
  2331 | D:4      | Found Zapun's Gadget Emporium.
  2486 | D:4      | Reached skill level 6 in Stealth
  2494 | D:4      | Reached skill level 1 in Evocations
  3211 | D:4      | Reached skill level 5 in Short Blades
  3342 | D:4      | Found a runed gate.
  3342 | D:4      | Found a runed gate.
  3342 | D:4      | Found a runed gate.
  3343 | D:4      | Noticed Fandomethor's ghost (amateur VSFi)
  3435 | D:5      | Entered Level 5 of the Dungeon
  3441 | D:5      | Reached XP level 7. HP: 44/46 MP: 8/8
  3658 | D:5      | Reached skill level 7 in Stealth
  3872 | D:5      | Found a blossoming altar of Fedhas.
  3926 | D:5      | Found a shattered altar of Ashenzari.
  4205 | D:6      | HP: 1/46 [something (6)]
  4228 | D:6      | HP: 1/46 [something (3)]
  4228 | D:6      | Slain by a sky beast

Vault maps used:
D:1:      denvon_arrival_planthouse, minmay_quantized
D:2:      nicolae_dithmenos_through_a_glass_darkly, uniq_sigmund
D:4:      ebering_ghost_rock_garden, serial_shops,
          nicolae_shop_competitors_out_of_business, lightli_corner_chamber
D:5:      minmay_angry_zag, ashenzari_altar_1, nicolae_overflow_crystal_walls,
          first_ration, abandoned_shop
D:6:      cheibrodos_barr_body, minmay_temple_entry_ruins, serial_glass,
          glass_columns_b, glass_columns_c, glass_columns_a, glass_columns_b,
          glass_columns_a, glass_columns_b, feat_on_display, item_on_display_a,
          minmay_strange_pillars, due_unseen_surprise

Skill      XL: |  1  2  3  4  5  6  7 |
---------------+----------------------+-----
Stealth        | 1 2 3 5 6 7 |  7.4
Short Blades   | 3 4 5 |  5.5
Evocations     | 1 3 |  3.1
Fighting       | |  3.0
Dodging        | |  3.0
Shields        | |  3.0

Action                   |  1- 3 |  4- 6 |  7- 9 || total
-------------------------+-------+-------+-------++-------
Melee: Rapier            |    91 |    88 |    32 ||   211
       Constrict         |    25 |    21 |     4 ||    50
       Tentacles         |    13 |    14 |     4 ||    31
  Use: Scroll            |       |     4 |     7 ||    11
 Stab: Sleeping          |     9 |    16 |     6 ||    31
       Distracted        |       |     1 |       ||     1
  Eat: Chunk             |     2 |     6 |     2 ||    10
Armor: Skin              |    13 |     2 |     3 ||    18
Dodge: Dodged            |    27 |    22 |     7 ||    56
Block: Shield            |    34 |    22 |     6 ||    62

Table legend:
 A = Non-vault XP
 B = Vault XP
 C = Vault XP percentage of total XP
 D = Non-vault monster count
 E = Vault monster count
 F = Vault count percentage of total count
                 A         B        C        D         E       F
            +---------+---------+-------+---------+---------+-------
      Total |     599 |     389 |  39.4 |      91 |       9 |   9.0
            +---------+---------+-------+---------+---------+-------
        D:1 |      33 |       7 |  17.5 |      20 |       4 |  16.7
        D:2 |      50 |     212 |  80.9 |      24 |       1 |   4.0
        D:3 |      74 |       0 |   0.0 |      17 |       0 |   0.0
        D:4 |     216 |       0 |   0.0 |      22 |       0 |   0.0
        D:5 |     226 |     170 |  42.9 |       8 |       4 |  33.3
            +---------+---------+-------+---------+---------+-------
